 Dungeon Crawl Stone Soup version 0.31-a0-188-g5e087ee2ca (webtiles) character file.

Game seed: 7692621003937694770

1368 qw the Skirmisher (level 8, -2/45 HPs)
             Began as a Deep Elf Hunter on June 23, 2023.
             Was a Follower of Okawaru.
             Succumbed to their own poison gas
             ... on level 6 of the Dungeon.
             The game lasted 00:01:55 (5705 turns).

qw the Skirmisher (Deep Elf Hunter)                 Turns: 5705, Time: 00:01:56

Health: -2/45      AC:  7    Str: 10    XL:     8   Next: 38%
Magic:  13/13      EV: 11    Int: 15    God:    Okawaru [*.....]
Gold:   227        SH:  0    Dex: 18    Spells: 7/7 levels left

rFire   + . .        Y - +0 shortbow (flame)
rCold   . . .        (shield currently unavailable)
rNeg    . . .        a - +0 ring mail
rPois   .            d - +0 helmet
rElec   .            k - +0 cloak
rCorr   .            (no gloves)
SInv    .            (no boots)
Will    .....        c - amulet of faith
Stlth   +            j - ring of protection from fire
HPRegen 0.27/turn    (no ring)
MPRegen 0.13/turn

%: faith
@: lethally poisoned (-2 -> -34)
A: no striking features
a: Renounce Religion, Heroism


You were on level 6 of the Dungeon.
You worshipped Okawaru.
Okawaru was aware of your devotion.
You visited 1 branch of the dungeon, and saw 7 of its levels.

You collected 227 gold pieces.


   Skills:
 + Level 2.8 Fighting
 - Level 12.0 Ranged Weapons
 - Level 1.7 Armour
 - Level 3.7 Dodging
 - Level 1.2 Stealth
 - Level 4.0 Invocations


You had 7 spell levels left.
You didn't know any spells.
Your spell library was empty.

Inventory:

Hand Weapons
 Y - a +0 shortbow of flaming (weapon)
Armour
 a - a +0 ring mail (worn)
 d - a +0 helmet (worn)
 k - a +0 cloak (worn)
Jewellery
 c - an amulet of faith (around neck)
 j - a ring of protection from fire (left hand)
Scrolls
 f - a scroll of identify
 i - 3 scrolls of teleportation
 n - a scroll of vulnerability {unknown}
Potions
 b - 2 potions of cancellation
 h - a potion of haste {unknown}
 l - a potion of resistance {unknown}
 m - a potion of degeneration {unknown}

Dungeon Overview and Level Annotations

Branches:
Dungeon (7/15)             Temple (0/1) D:5

Altars:
Dithmenos
Fedhas
Okawaru
Vehumet
Xom
Zin
The Shining One

Annotations:
D:3 1 runed translucent door, qw's ghost, amateur DEHu
D:4 3 runed translucent doors, qw's ghost, amateur DEHu
D:6 exclusion: moth of wrath


Message History

You feel like a meek peon again.
HP restored.
As you open the door, it creaks loudly!
A moth of wrath comes into view.
Enter note:
Enter note:
Enter note:
Enter note:
Enter note:
Enter note:
5699 ||| READING scroll labelled HESTRI EDOTZUO.
The air fills with toxic fumes!
As you read the scroll labelled HESTRI EDOTZUO, it crumbles to dust.
It was a scroll of poison.
Enter note:
Enter note:
Enter note:
Enter note:
Enter note: Really walk into that cloud of poison gas?
You are engulfed in poison gas.
You are poisoned.
You feel very sick.
You are engulfed in poison gas.
You are more poisoned.
You feel extremely sick.
You're standing in a cloud of poison gas!
You are engulfed in poison gas.
You are lethally poisoned!
You feel extremely sick.
5703 ||| DRINKING 2 potions of curing.
You feel better.
5703 ||| (to cure poison)
You are engulfed in poison gas.
You are poisoned.
You feel very sick.
5704 ||| DRINKING potion of curing.
You feel better.
5704 ||| (to cure poison)
You are engulfed in poison gas.
You are poisoned.
You feel very sick.
You're standing in a cloud of poison gas!
You are engulfed in poison gas.
You are more poisoned.
You die...

###.......####.......# # #
#.7777..........#.## .. #
#.7 77.###......# ¤..
###.7 7.###..##### 0¤..
##..7 7......#### ¤¤¤#.
..).7 7........0##¤¤.###
###.77777..######¤.0...#y#
# ##.77....# ##¤##...###
#...[.#.# ##@## ...#.
##.##.#.####¤## ....
#.##.....0¤¤.#### ...
#.##...######.#.# .. ####
#####.###..# ##.##
######..# #..........# ###
#.......# #.###.###..#
#.......# ..# #.# #..##
#.......# ### #.# #...#
#.......#


There were no monsters in sight!

Vanquished Creatures
  Menkaure (D:4)
  Edmund (D:6)
  A water moccasin (D:6)
  An ice beast (D:4)
  A black bear (D:4)
  A phantom (D:5)
  A scorpion (D:5)
  A howler monkey (D:7)
  5 hounds
  An orc priest (D:7)
  Jessica (D:2)
  4 iguanas
  Ijyb (D:3)
  Natasha (thrice) (D:3)
  3 orc wizards
  Robin (D:2)
  6 adders
  3 gnolls (D:4)
  A white imp (D:6)
  2 ufetubi (D:5)
  A dart slug (D:1)
  13 orcs
  6 endoplasms
  5 giant cockroaches
  11 goblins
  7 hobgoblins
  5 kobolds
  4 quokkas
  3 ball pythons
  3 bats
  3 frilled lizards
  5 rats
105 creatures vanquished.

Notes
Turn   | Place    | Note
-------+----------+-------------------------------------------
     0 | D:1      | qw the Deep Elf Hunter began the quest for the Orb.
     0 | D:1      | Reached XP level 1. HP: 12/12 MP: 3/3
     0 | D:1      | 0 ||| qw: Version: 0.3-a-9-g12657ce
     0 | D:1      | 0 ||| qw: Game counter: 3662
     0 | D:1      | 0 ||| qw: Always use a shield: true
     0 | D:1      | 0 ||| qw: God list: Okawaru
     0 | D:1      | 0 ||| qw: Allow faded altars: false
     0 | D:1      | 0 ||| qw: Do Orc after D:15 true
     0 | D:1      | 0 ||| qw: Do second Lair branch before Depths: true
     0 | D:1      | 0 ||| qw: Lair rune preference: random
     0 | D:1      | 0 ||| qw: Plans: Normal
     0 | D:1      | 0 ||| PLANNING D:1-11
   166 | D:1      | Reached XP level 2. HP: 16/16 MP: 4/4
   170 | D:1      | Reached skill level 6 in Ranged Weapons
   702 | D:1      | 702 ||| READING 2 scrolls labelled GICSOL YXIDOUNASE.
   706 | D:1      | 706 ||| READING scroll labelled ATHREA WAER.
   707 | D:1      | 707 ||| DROPPING scroll of butterflies.
   772 | D:2      | Noticed Robin
   775 | D:2      | Reached XP level 3. HP: 20/20 MP: 5/5
   782 | D:2      | Killed Robin
   788 | D:2      | Reached skill level 7 in Ranged Weapons
   816 | D:2      | Noticed Jessica
   820 | D:2      | Killed Jessica
   821 | D:2      | Reached XP level 4. HP: 25/25 MP: 6/6
   954 | D:2      | Found a glowing golden altar of the Shining One.
  1385 | D:2      | 1385 ||| UPGRADING to +0 helmet.
  1390 | D:2      | 1390 ||| UPGRADING to ring of protection from fire.
  1391 | D:2      | 1391 ||| READING scroll labelled SODODU COCKA.
  1392 | D:2      | 1392 ||| DRINKING 2 white potions.
  1393 | D:2      | 1393 ||| DRINKING 2 bubbling grey potions.
  1394 | D:2      | 1394 ||| DROPPING potion of invisibility.
  1410 | D:3      | Noticed Ijyb
  1415 | D:3      | 1415 ||| Stepping ~*~*~tactically~*~*~ (outnumbered).
  1417 | D:3      | 1417 ||| Stepping ~*~*~tactically~*~*~ (outnumbered).
  1424 | D:3      | 1424 ||| Stepping ~*~*~tactically~*~*~ (outnumbered).
  1444 | D:3      | HP: 6/25 [Ijyb/+0 dagger of protection (3)]
  1445 | D:3      | 1445 ||| READING scroll of teleportation.
  1547 | D:3      | HP: 6/25 [disintegration (19)]
  1551 | D:3      | HP: 2/25 [disintegration (2)]
  1556 | D:3      | Killed Ijyb
  1557 | D:3      | Reached skill level 8 in Ranged Weapons
  1670 | D:3      | Found a runed translucent door.
  1680 | D:3      | Noticed Natasha
  1684 | D:3      | Killed Natasha
  1685 | D:3      | Reached XP level 5. HP: 23/29 MP: 7/7
  1861 | D:3      | 1861 ||| UPGRADING to +0 ring mail.
  1920 | D:3      | 1920 ||| DROPPING +0 leather armour.
  1957 | D:3      | Found a shadowy altar of Dithmenos.
  2008 | D:3      | Found an iron altar of Okawaru.
  2009 | D:3      | 2009 ||| PLANNING OKAWARU WORSHIP
  2009 | D:3      | 2009 ||| DRINKING 2 glowing coppery potions.
  2010 | D:3      | 2010 ||| DROPPING potion of attraction.
  2018 | D:3      | Became a worshipper of Warmaster Okawaru
  2019 | D:3      | 2019 ||| PLANNING D:1-11
  2031 | D:3      | Noticed qw's ghost (amateur DEHu)
  2147 | D:3      | Noticed Natasha
  2151 | D:3      | Killed Natasha
  2152 | D:3      | Reached skill level 9 in Ranged Weapons
  2174 | D:3      | Found a blossoming altar of Fedhas.
  2235 | D:3      | Noticed Natasha
  2244 | D:3      | Killed Natasha
  2453 | D:3      | 2453 ||| UPGRADING to +0 cloak.
  2458 | D:3      | 2458 ||| READING scroll labelled KINGOR SEEG.
  2459 | D:3      | 2459 ||| READING scroll labelled PAHUDI PASSAUCH.
  2460 | D:3      | 2460 ||| READING scroll labelled XOBBONIGAL.
  2461 | D:3      | 2461 ||| READING 2 scrolls of identify.
  2461 | D:3      | 2461 ||| IDENTIFYING metallic clear potion
  2462 | D:3      | 2462 ||| DROPPING potion of lignification.
  2485 | D:4      | Noticed a black bear
  2490 | D:4      | Killed a black bear
  2491 | D:4      | Reached skill level 1 in Armour
  2491 | D:4      | Reached XP level 6. HP: 35/35 MP: 8/8
  2539 | D:4      | Noticed an ice beast
  2546 | D:4      | Killed an ice beast
  3044 | D:4      | Found a runed translucent gate.
  3044 | D:4      | Found a runed translucent gate.
  3044 | D:4      | Found a runed translucent gate.
  3047 | D:4      | Noticed qw's ghost (amateur DEHu)
  3316 | D:4      | 3316 ||| UPGRADING to amulet of faith.
  3321 | D:4      | 3321 ||| READING scroll labelled LUASAFFENUME.
  3322 | D:4      | 3322 ||| READING 2 scrolls of identify.
  3322 | D:4      | 3322 ||| IDENTIFYING inky potion
  3354 | D:5      | Entered Level 5 of the Dungeon
  3357 | D:5      | Noticed Menkaure
  3362 | D:5      | 3362 ||| STAIRDANCE
  3366 | D:4      | Killed Menkaure
  3366 | D:4      | Reached * piety under Okawaru
  3367 | D:4      | Reached skill level 10 in Ranged Weapons
  3367 | D:4      | Reached XP level 7. HP: 22/40 MP: 9/9
  3497 | D:5      | Found a shimmering altar of Xom.
  3622 | D:5      | 3622 ||| INVOKING Heroism.
  3624 | D:5      | Reached skill level 3 in Dodging
  3624 | D:5      | HP: 8/40 [something (3)]
  3625 | D:5      | 3625 ||| READING 2 scrolls of teleportation.
  3625 | D:5      | HP: 3/40 [poisoned by an orc wizard]
  3626 | D:5      | 3626 ||| DRINKING potion of heal wounds.
  3630 | D:5      | 3630 ||| DRINKING 2 potions of curing.
  3630 | D:5      | 3630 ||| (to cure poison)
  3898 | D:5      | Reached skill level 11 in Ranged Weapons
  3898 | D:5      | Reached skill level 1 in Invocations
  3902 | D:5      | Found a radiant altar of Vehumet.
  3961 | D:5      | Found a staircase to the Ecumenical Temple.
  4718 | D:5      | 4718 ||| READING 2 scrolls of identify.
  4718 | D:5      | 4718 ||| IDENTIFYING green potion
  4748 | D:6      | You fall into a shaft and drop 1 floor!
  4780 | D:7      | Reached skill level 3 in Invocations
  4780 | D:7      | Reached XP level 8. HP: 41/44 MP: 12/12
  4841 | D:7      | 4841 ||| INVOKING Heroism.
  5006 | D:7      | 5006 ||| READING 2 scrolls of identify.
  5006 | D:7      | 5006 ||| IDENTIFYING dark potion
  5007 | D:7      | 5007 ||| DROPPING potion of ambrosia.
  5103 | D:6      | Noticed Edmund
  5104 | D:6      | 5104 ||| INVOKING Heroism.
  5120 | D:6      | Killed Edmund
  5208 | D:6      | Found a glowing silver altar of Zin.
  5266 | D:6      | 5266 ||| INVOKING Heroism.
  5277 | D:6      | Reached skill level 12 in Ranged Weapons
  5496 | D:6      | 5496 ||| READING scroll of brand weapon.
  5496 | D:6      | 5496 ||| BRANDING +0 shortbow of draining.
  5515 | D:6      | 5515 ||| INVOKING Heroism.
  5519 | D:6      | HP: 10/44 [poisoned by a water moccasin]
  5520 | D:6      | 5520 ||| READING 4 scrolls of teleportation.
  5524 | D:6      | HP: 6/45 [poisoned by a water moccasin]
  5698 | D:6      | Noticed a moth of wrath
  5699 | D:6      | 5699 ||| READING scroll labelled HESTRI EDOTZUO.
  5703 | D:6      | 5703 ||| DRINKING 2 potions of curing.
  5703 | D:6      | 5703 ||| (to cure poison)
  5704 | D:6      | 5704 ||| DRINKING potion of curing.
  5704 | D:6      | 5704 ||| (to cure poison)
  5705 | D:6      | HP: 6/45 [cloud of poison gas (7)]
  5705 | D:6      | Succumbed to their own poison gas

Levels and vault maps discovered:
D:1:      nicolae_arrival_memento_mori, layout_loops_ring
D:2:      layout_loops_ring, basic_altar, uniq_jessica, uniq_robin
D:3:      layout_loops_cross, mainiacjoe_overflow_alcove_2, fedhas_altar_4,
          okawaru_trees_1, hellmonk_ghost_happy_afterlife, wad_orctagon,
          uniq_natasha, uniq_ijyb
D:4:      layout_basic, ebering_ghost_rock_garden, grunt_decor_resistance
D:5:      minmay_spotlight, layout_layer_cave, mainiacjoe_overflow_tiny_flanked,
          xom_butterflies, minmay_temple_entry_tees, uniq_menkaure
D:6:      layout_loops_ring, zin_statuary, tgw_trog,
          dreamdust_mushroom_princess, nrook_campfire, nicolae_water_bricks,
          minmay_joined_circles, uniq_edmund
D:7:      layout_rooms

Skill      XL: |  1  2  3  4  5  6  7  8 |
---------------+-------------------------+-----
Ranged Weapons | 6 7 8 9 10 11 12 | 12.0
Fighting       | 2 |  2.8
Armour         | 1 |  1.7
Dodging        | 3 |  3.7
Invocations    | 3 4 |  4.0
Stealth        | |  1.2

Action                     |  1- 3 |  4- 6 |  7- 9 || total
---------------------------+-------+-------+-------++-------
   Fire: Shortbow          |    86 |   192 |   154 ||   432
 Invoke: Heroism           |       |       |     5 ||     5
    Use: Scroll            |     2 |     8 |     6 ||    16
         Potion            |       |     3 |     4 ||     7
 Armour: Leather armour    |     2 |     5 |       ||     7
         Ring mail         |       |    12 |    34 ||    46
  Dodge: Dodged            |     8 |    49 |    44 ||   101

Table legend:
 A = Non-vault XP
 B = Vault XP
 C = Vault XP percentage of total XP
 D = Non-vault monster count
 E = Vault monster count
 F = Vault count percentage of total count
                 A         B        C        D         E       F
            +---------+---------+-------+---------+---------+-------
      Total |    1090 |     865 |  44.2 |      81 |      24 |  22.9
            +---------+---------+-------+---------+---------+-------
        D:1 |      32 |       0 |   0.0 |      18 |       0 |   0.0
        D:2 |      40 |      70 |  63.6 |      11 |      12 |  52.2
        D:3 |     103 |      83 |  44.6 |      15 |       6 |  28.6
        D:4 |     309 |     183 |  37.2 |      13 |       1 |   7.1
        D:5 |     185 |     231 |  55.5 |       8 |       3 |  27.3
        D:6 |     200 |     298 |  59.8 |       7 |       2 |  22.2
        D:7 |     221 |       0 |   0.0 |       9 |       0 |   0.0
            +---------+---------+-------+---------+---------+-------
